 Dungeon Crawl Stone Soup version 0.23.1-37-gaa34b87b72 (webtiles) character file.

Game seed: 10225378895971328032

5599 Gargoyl the Chopper (level 10, -1/91 HPs)
             Began as a Centaur Abyssal Knight on Mar 21, 2019.
             Was an Elder of Lugonu.
             Slain by an ogre
             ... wielding a +0 giant club
              (17 damage)
             ... on level 8 of the Dungeon.
             The game lasted 00:23:48 (12424 turns).

Gargoyl the Chopper (Centaur Abyssal Knight)       Turns: 12424, Time: 00:23:49

Health: -1/91      AC: 17    Str: 19 (20) XL:     10   Next: 45%
Magic:  0/15       EV:  9    Int: 11      God:    Lugonu [****..]
Gold:   77         SH:  0    Dex: 11      Spells: 9/9 levels left

rFire    . . .     SeeInvis .   u - +3 hand axe
rCold    . . .     Gourm    .   (no shield)
rNeg     . . .     Faith    .   q - +5 scale mail of Wiutiza {rCorr Str+4}
rPois    +         Spirit   +   (helmet restricted)
rElec    .         Reflect  .   v - +2 cloak {+Inv}
rCorr    +         Harm     .   s - +0 pair of gloves "Lautomn" {rPois}
MR       .....                  (no barding)
Stlth    ..........             d - amulet of guardian spirit
HPRegen  0.25/turn              (no ring)
MPRegen  0.14/turn              (no ring)

@: very quick
A: large, antennae 1, hooves 3, deformed body, speed 2, robust 1, tough skin 3
a: Depart the Abyss, Bend Space, Banish, Corrupt, Renounce Religion, Evoke
Invisibility


You were on level 8 of the Dungeon.
You worshipped Lugonu.
Lugonu was greatly pleased with you.
You were very hungry.

You visited 1 branch of the dungeon, and saw 8 of its levels.
You visited the Abyss 1 time.

You collected 352 gold pieces.
You spent 275 gold pieces at shops.

Inventory:

Hand Weapons
 a - a +1 hand axe
 k - a +0 war axe
 u - a +3 hand axe (weapon)
Armour
 g - a +1 pair of gloves
 q - the +5 scale mail of Wiutiza (worn) {rCorr Str+4}
   (You found it on level 5 of the Dungeon)

   It affects your strength (+4).
   It provides partial protection from all sources of acid and corrosion.
 s - the +0 pair of gloves "Lautomn" (worn) {rPois}
   (You bought it in a shop on level 4 of the Dungeon)

   It protects you from poison.
 v - a +2 cloak of invisibility (worn)
Jewellery
 d - an amulet of guardian spirit (around neck)
Wands
 e - a wand of enslavement (6)
 r - a wand of polymorph (7)
 t - a wand of disintegration (8)
Scrolls
 b - 6 scrolls of teleportation
 j - 2 scrolls of amnesia
 m - a scroll of identify
 o - 3 scrolls of remove curse
 p - 2 scrolls of enchant armour
Potions
 f - 2 potions of heal wounds
 h - 3 potions of haste
 i - a potion of mutation
 l - a potion of magic {unknown}
Comestibles
 c - 18 rations


   Skills:
 + Level 6.1 Fighting
 + Level 7.4 Axes
 * Level 7.1 Armour
 * Level 4.5 Dodging
 * Level 6.8 Invocations


You had 9 spell levels left.
You didn't know any spells.
Your spell library contained the following spells:

 Spells                   Type           Power        Failure   Level  Hunger
 Corona                   Hex            #......      67%         1    ##.....
 Magic Dart               Conj           #...         67%         1    ##.....
 Ensorcelled Hibernation  Hex/Ice        #.....       82%         2    ###....
 Poisonous Vapours        Pois/Air       #.....       82%         2    ###....
 Searing Ray              Conj           #.....       82%         2    ###....
 Confuse                  Hex            #.......     96%         3    ####...
 Conjure Flame            Conj/Fire      #.......     96%         3    ####...
 Dazzling Spray           Conj/Hex       #.....       96%         3    ####...
 Mephitic Cloud           Conj/Pois/Air  #.......     96%         3    ####...
 Tukima's Dance           Hex            #.......     96%         3    ####...
 Force Lance              Conj/Tloc      #.......     100%        4    #####..
 Fulminant Prism          Conj/Hex       #.........   100%        4    #####..
 Iskenderun's Mystic Bla  Conj           #.......     100%        4    #####..
 Freezing Cloud           Conj/Ice/Air   #.........   100%        6    #######
 Ring of Flames           Chrm/Fire      #.........   100%        7    #######


Dungeon Overview and Level Annotations

Branches:
Dungeon (8/15)             Temple (0/1) D:7
   Lair: D:8-11

Altars:
Ashenzari
Cheibriados
Dithmenos
Fedhas
Gozag
Makhleb
Nemelex Xobeh
Okawaru
Qazlal
Sif Muna
Uskayaw
Vehumet
Wu Jian
Xom
Yredelemnul

Shops:
D:4 [

Annotations:
Abyss:1 Harold


Innate Abilities, Weirdness & Mutations

You have hooves in place of feet.
Armour fits poorly on your strangely shaped body.
You cover ground very quickly.
You have extremely tough skin. (AC +3)
You have a pair of small antennae on your head.
You are robust. (+10% HP)


Message History

* * * LOW HITPOINT WARNING * * *
You hit the ogre. Your kick misses the ogre.
The ogre is lightly wounded.
You hit the ogre.
The ogre is moderately wounded.
The ogre hits you with a +0 giant club.
* * * LOW HITPOINT WARNING * * *
You closely miss the ogre.
The ogre is moderately wounded.
The ogre hits you with a +0 giant club.
* * * LOW HITPOINT WARNING * * *
You hit the ogre. Your kick misses the ogre.
The ogre is heavily wounded.
You hit the ogre.
The ogre is heavily wounded.
The ogre hits you but does no damage.
You hit the ogre. Your kick misses the ogre.
The ogre is severely wounded.
The ogre hits you with a +0 giant club!!
You die...

...........###....#####
.......................
...
...........####...#####
#.# # .###########
#....# #.# #[ ## #....#
##.# #)# # #....#
#..##.#$ # #.####
#..#.#.#
#.###########...#.#
#..@Og.§.†.......#
##############......
##..... ######


You could see an ogre and a gnoll shaman.

Vanquished Creatures
  Pikel (D:3)
  A hippogriff (D:7)
  A hungry ghost (D:8)
  Edmund (D:6)
  A sky beast (D:8)
  An ice beast (D:7)
  6 orc warriors
  A necrophage (D:5)
  6 ogres
  4 centaurs (D:7)
  A crocodile (D:8)
  A big kobold (D:8)
  2 bullfrogs
  A wyvern zombie (D:8)
  5 killer bees (D:7)
  5 wights
  A howler monkey (D:6)
  A crimson imp (D:7)
  A hound (D:7)
  2 jellies
  Crazy Yiuf (D:7)
  5 orc priests
  3 gnoll shamans (D:7)
  4 orc wizards
  4 iguanas
  3 worker ants
  A killer bee zombie (D:7)
  A howler monkey zombie (D:6)
  18 gnolls
  13 adders
  An ooze (D:4)
  2 adder skeletons
  5 worms
  A dart slug (D:2)
  10 leopard geckos
  22 orcs
  8 bats
  3 giant cockroaches
  14 goblins
  5 hobgoblins
  13 kobolds
  5 quokkas
  4 frilled lizards
  A jackal zombie (D:7)
  2 quokka skeletons
  10 rats
  A plant (D:7)
203 creatures vanquished.

Vanquished Creatures (others)
  The ghost of Marjanaama the Basher, a novice MiFi of Qazlal (D:7)
  A two-headed ogre (D:8)
  A leopard gecko (D:8)
  4 fungi (D:7)
  2 plants (D:7)
9 creatures vanquished.

Grand Total: 212 creatures vanquished

Notes
Turn   | Place    | Note
-------+----------+-------------------------------------------
     0 | Abyss:1  | Gargoyl the Centaur Abyssal Knight began the quest for the
                  | Orb.
     0 | Abyss:1  | Reached XP level 1. HP: 19/19 MP: 2/2
    40 | Abyss:1  | Noticed a small abomination
    71 | Abyss:1  | Noticed a smoke demon
    71 | Abyss:1  | Noticed a ynoxinul
    73 | D:1      | Escaped the Abyss
   215 | D:1      | Reached * piety under Lugonu
   470 | D:1      | Reached XP level 2. HP: 22/26 MP: 3/3
  1276 | D:2      | Reached skill level 1 in Dodging
  1326 | D:1      | Reached XP level 3. HP: 16/31 MP: 2/4
  1970 | D:2      | Reached XP level 4. HP: 35/38 MP: 5/5
  2075 | D:2      | Reached ** piety under Lugonu
  2514 | D:2      | Found a basalt altar of Yredelemnul.
  2796 | D:3      | Reached XP level 5. HP: 37/46 MP: 7/7
  3619 | D:4      | Reached *** piety under Lugonu
  3656 | D:4      | Found Veclonump's Antique Armour Boutique.
  3759 | D:4      | Found a shimmering altar of Xom.
  3772 | D:4      | Reached XP level 6. HP: 47/52 MP: 6/8
  4214 | D:4      | Noticed Pikel
  4228 | D:4      | Noticed a slave
  4230 | D:4      | Noticed a slave
  4230 | D:4      | Noticed a slave
  4231 | D:4      | Noticed a slave
  4417 | D:3      | Killed Pikel
  4417 | D:3      | Reached XP level 7. HP: 26/60 MP: 4/10
  4702 | D:4      | Found a sparkling altar of Nemelex Xobeh.
  4839 | D:5      | Entered Level 5 of the Dungeon
  4903 | D:5      | Found a radiant altar of Vehumet.
  5030 | D:5      | Found a burning altar of Makhleb.
  5358 | D:5      | Got a shimmering scale mail
  5369 | D:5      | Identified the +5 scale mail of Wiutiza {rCorr Str+4} (You
                  | found it on level 5 of the Dungeon)
  5770 | D:5      | Found a hide-covered altar of Uskayaw.
  5770 | D:5      | Found an iron altar of Okawaru.
  5770 | D:5      | Found a blossoming altar of Fedhas.
  5770 | D:5      | Found an opulent altar of Gozag.
  5771 | D:5      | Found a deep blue altar of Sif Muna.
  6057 | D:5      | Reached XP level 8. HP: 42/67 MP: 6/11
  6373 | D:5      | Reached skill level 5 in Axes
  6890 | D:6      | Noticed Edmund
  6993 | D:6      | Killed Edmund
  6993 | D:6      | Reached **** piety under Lugonu
  6993 | D:6      | Reached skill level 5 in Fighting
  8050 | D:6      | Reached skill level 5 in Armour
  8050 | D:6      | Reached skill level 5 in Invocations
  8160 | D:6      | Found a stormy altar of Qazlal.
  8173 | D:6      | Found a shattered altar of Ashenzari.
  8313 | D:6      | Found an ornate altar of the Wu Jian Council.
  8547 | D:7      | Found a snail-covered altar of Cheibriados.
  8721 | D:7      | Reached XP level 9. HP: 68/73 MP: 10/12
  8853 | D:7      | Noticed Marjanaama's ghost (novice MiFi)
  8854 | D:7      | Found a runed translucent door.
  8878 | D:7      | Noticed Harold
  9071 | D:7      | Banished Harold
 10412 | D:7      | Found a staircase to the Ecumenical Temple.
 10517 | D:7      | Found a runed translucent door.
 10518 | D:7      | Noticed Crazy Yiuf
 10594 | D:7      | Reached XP level 10. HP: 46/82 MP: 9/14
 10595 | D:7      | Gained mutation: You have a pair of small antennae on your
                  | head. [potion of mutation]
 10595 | D:7      | Gained mutation: You are robust. (+10% HP) [potion of
                  | mutation]
 10622 | D:7      | HP: 3/91 [killer bee (5)]
 11433 | D:7      | Banished Marjanaama's ghost
 11696 | D:4      | Bought a pair of heavily runed gloves for 275 gold pieces
 11706 | D:4      | Identified the cursed +0 pair of gloves "Lautomn" {rPois}
                  | (You bought it in a shop on level 4 of the Dungeon)
 11805 | D:7      | Killed Crazy Yiuf
 11911 | D:8      | Found a shadowy altar of Dithmenos.
 12367 | D:8      | Noticed a two-headed ogre
 12413 | D:8      | Banished a two-headed ogre
 12424 | D:8      | Slain by an ogre

Skill      XL: |  1  2  3  4  5  6  7  8  9 10 |
---------------+-------------------------------+-----
Axes           | 2 3 4 5 6 7 |  7.4
Dodging        | 1 2 3 4 |  4.5
Armour         | 2 3 5 6 7 |  7.1
Invocations    | 3 4 5 6 |  6.8
Fighting       | 4 5 6 |  6.1

Action                   |  1- 3 |  4- 6 |  7- 9 | 10-12 || total
-------------------------+-------+-------+-------+-------++-------
Melee: Hand axe          |    85 |   262 |   386 |   160 ||   893
       Kick              |    11 |    40 |   128 |    49 ||   228
Invok: Depart the Abyss  |     1 |       |       |       ||     1
       Bend Space        |       |     1 |     1 |       ||     2
       Banish            |       |       |     1 |     2 ||     3
Evoke: Wand              |       |       |       |     1 ||     1
  Use: Scroll            |     5 |     4 |     5 |     3 ||    17
       Potion            |     3 |       |       |     6 ||     9
 Stab: Invisible         |       |       |       |     2 ||     2
  Eat: Chunk             |     2 |     6 |     9 |     4 ||    21
       Ration            |       |     1 |     2 |     1 ||     4
Armor: Leather armour    |    43 |    32 |       |       ||    75
       Chain mail        |       |   154 |     8 |       ||   162
       Scale mail        |       |       |   216 |    66 ||   282
Dodge: Dodged            |    53 |    82 |   264 |    66 ||   465
